 Dungeon Crawl Stone Soup version 0.28.0-53-g5a82cb258f (webtiles) character file.

Game seed: 6712729074365498927

429 DildoBatman the Conjurer (level 7, -1/50 HPs)
             Began as a Formicid Conjurer on July 1, 2022.
             Slain by a centaur zombie (2 damage)
             ... in an ossuary on July 2, 2022.
             The game lasted 00:10:29 (3809 turns).

DildoBatman the Conjurer (Formicid Conjurer)        Turns: 3809, Time: 00:10:29

Health: -1/50      AC:  2    Str: 11    XL:     7   Next: 19%
Magic:  22/22      EV: 12    Int: 18    God:
Gold:   164        SH:  0    Dex: 11    Spells: 12/15 levels left

rFire   . . .      SeeInvis +   a - +0 long sword
rCold   . . .      Faith    .   (no shield)
rNeg    + + +      Spirit   .   k - +0 robe
rPois   .          Reflect  .   (helmet unavailable)
rElec   .          Harm     .   (no cloak)
rCorr   .          Rampage  .   (no gloves)
Will    .....                   (no boots)
Stlth   ++........              m - amulet of Nobility {RegenMP Fragile rN+++ MP+9 SInv}
HPRegen 0.16/turn               (no ring)
MPRegen 0.58/turn               (no ring)

@: marked
A: permanent stasis, dig shafts and tunnels, antennae 3, four strong arms
a: Dig


You were in an ossuary.
You visited 1 branch of the dungeon, and saw 5 of its levels.
You also visited: Ossuary.

You collected 189 gold pieces.
You spent 25 gold pieces at shops.

Inventory:

Hand Weapons
 a - a +0 long sword (weapon)
 c - a +0 dagger
 i - a +0 mace
Missiles
 d - 127 stones (quivered)
 f - 18 arrows
 h - 58 sling bullets
 p - 3 boomerangs
Armour
 k - a +0 robe (worn)
Jewellery
 m - the amulet of Nobility (around neck) {RegenMP Fragile rN+++ MP+9 SInv}
   (You found it on level 3 of the Dungeon)

   [amulet of magic regeneration]

   It increases your rate of magic regeneration.
   rN:        It renders you almost immune to negative energy.
   MP:        It affects your magic capacity (+9).
   SInv:      It lets you see invisible.
   Fragile:   It will be destroyed if unequipped.
Wands
 s - a wand of paralysis (8)
Scrolls
 g - a scroll of teleportation {unknown}
 j - a scroll of amnesia
 o - 2 scrolls of fog
Potions
 b - a potion of resistance {unknown}
 e - a potion of brilliance {unknown}
 l - 2 potions of flight {unknown}
 n - a potion of lignification {unknown}
 q - a potion of heal wounds {unknown}
 r - a potion of curing
 t - a potion of might {unknown}


   Skills:
 - Level 2.0 Fighting
 - Level 2.0 Armour
 - Level 1.7 Dodging
 - Level 2.4 Stealth
 * Level 4.5 Spellcasting
 * Level 5.7 Conjurations


You had 12 spell levels left.
You knew the following spells:

 Your Spells              Type           Power      Damage    Failure   Level
a - Searing Ray           Conj           48%        2d6       1%          2
c - Magic Dart            Conj           96%        1d7       1%          1

Your spell library contained the following spells:

 Spells                   Type           Power      Damage    Failure   Level
 Dazzling Flash           Conj/Hex       28%        N/A       13%         3
 Fulminant Prism          Conj/Hex       7%         3d7       41%         4
 Iskenderun's Mystic Bla  Conj/Tloc      14%        2d5       41%         4
 Animate Armour           Summ/Erth      8%         N/A       80%         4
 Blade Hands              Tmut           2%         N/A       98%         5
 Iron Shot                Conj/Erth      7%         9d2       100%        6


Dungeon Overview and Level Annotations

Branches:
Dungeon (5/15)            Ossuary (1/1)
 Temple: D:4-7

Altars:

Shops:
D:4 *

Annotations:
D:2 exclusion: hell beast, Natasha
D:5 Grinder


Innate Abilities, Weirdness & Mutations

You cannot be hasted, slowed, berserked, paralysed or teleported.
You can dig through walls and to a lower floor.
You have a pair of large antennae on your head. (SInv)
Your four strong arms can wield two-handed weapons with a shield.


Message History

The centaur zombie blinks!
The hobgoblin zombie blinks!
The mummy blinks!
The centaur zombie blinks! x2
The hobgoblin zombie blinks! x3
The centaur zombie blinks!
You feel a strange sense of stasis.
The centaur zombie blinks!
The hobgoblin zombie blinks! x2
The centaur zombie fails to trigger a net trap.
The centaur zombie blinks!
The centaur zombie fails to trigger a net trap.
You feel a strange sense of stasis.
The centaur zombie blinks! x2
The centaur zombie fails to trigger a net trap.
The centaur zombie blinks! x2
The mummy blinks!
You feel a strange sense of stasis.
The centaur zombie blinks!
Found a gate leading back out of this place.
The centaur zombie enters a dispersal trap!
The centaur zombie blinks! x2
The hobgoblin zombie blinks! x3
The mummy blinks! x2
The hobgoblin zombie blinks!
The centaur zombie blinks!
The hobgoblin zombie blinks!
The mummy blinks!
The centaur zombie blinks! x2
You feel a strange sense of stasis.
The centaur zombie blinks!
The mummy hits you.
The centaur zombie sets off the alarm!
The alarm trap emits a blaring wail!
The mark upon you grows brighter. The centaur zombie hits you.
The centaur zombie kicks you but does no damage.
The centaur zombie hits you. The centaur zombie kicks you.
You die...

## ##∩##
##...##
##..Z..##
#!.....!#
#?...Z.!#
#!..Z.@?#
#!..Z..M#
##.^^..##
##.ZZ..##
#.^Z..§.#
##..Z^.##
#.^Z.^..#
##.M^..##
#.......#


You could see 2 mummies, 4 hobgoblin zombies and 5 centaur zombies.

Vanquished Creatures
  A necrophage (D:3)
  A scorpion (D:4)
  A hound (D:3)
  A bullfrog skeleton (D:4)
  2 orc priests (D:3)
  An iguana (D:5)
  3 adders
  A howler monkey skeleton (D:4)
  A shadow imp (D:3)
  2 worms
  4 dart slugs
  13 orcs
  8 bats
  2 endoplasms (D:1)
  3 giant cockroaches
  3 hobgoblins
  6 quokkas
  4 ball pythons
  9 frilled lizards
  A goblin (D:1)
  5 kobolds
  7 rats
79 creatures vanquished.

Notes
Turn   | Place    | Note
-------+----------+-------------------------------------------
     0 | D:1      | DildoBatman the Formicid Conjurer began the quest for the
                  | Orb.
     0 | D:1      | Reached XP level 1. HP: 13/13 MP: 3/3
   266 | D:1      | Reached skill level 4 in Conjurations
   266 | D:1      | Reached XP level 2. HP: 19/19 MP: 0/5
   269 | D:1      | Learned a level 2 spell: Searing Ray
   622 | D:1      | Reached XP level 3. HP: 15/24 MP: 4/6
  1187 | D:2      | Reached skill level 1 in Fighting
  1248 | D:2      | Reached XP level 4. HP: 32/32 MP: 0/7
  1291 | D:2      | You fall into a shaft and drop 1 floor!
  1345 | D:3      | Noticed a necrophage
  1429 | D:3      | Reached skill level 1 in Armour
  1646 | D:2      | Found a faded altar of an unknown god.
  1646 | D:2      | Noticed a hell beast
  1876 | D:2      | Noticed Natasha
  2452 | D:3      | Reached XP level 5. HP: 33/38 MP: 2/9
  2561 | D:3      | Identified the amulet of Nobility {RegenMP Fragile rN+++
                  | MP+9 SInv}
  2607 | D:3      | HP: 1/38 [orc priest/+0 club (2)]
  2849 | D:3      | Killed a necrophage
  2850 | D:3      | Reached skill level 5 in Conjurations
  2850 | D:3      | Reached XP level 6. HP: 23/44 MP: 11/11
  3109 | D:4      | Found Hiugyviu's CLEARANCE SALE!.
  3126 | D:4      | Bought a potion of curing for 15 gold pieces
  3126 | D:4      | Bought a scroll of identify for 10 gold pieces
  3229 | D:4      | Reached XP level 7. HP: 35/50 MP: 13/13
  3670 | D:5      | Entered Level 5 of the Dungeon
  3742 | D:5      | Noticed Grinder
  3780 | D:5      | Found a sand-covered staircase.
  3785 | Ossuary  | Entered an ossuary
  3809 | Ossuary  | HP: 1/50 [centaur zombie (4)]
  3809 | Ossuary  | Slain by a centaur zombie

Illustrated notes

Levels and vault maps discovered:
D:1:      heliophobic_arrival_henge, layout_basic
D:2:      layout_basic, dreamdust_ecumenical_altar_sealed_demon, uniq_natasha
D:3:      layout_loops_cross
D:4:      layout_loops_ring, nicolae_shop_clearance
D:5:      layout_gridville, minmay_temple_entry_glassed_door,
          gup_sewer_entry_spiral, enter_ossuary_2, uniq_grinder, uniq_ijyb,
          uniq_edmund, uniq_duvessa
Ossuary:  ossuary_the_hunt_dpeg

Skill      XL: |  1  2  3  4  5  6 |
---------------+-------------------+-----
Conjurations   | 4 5 |  5.7
Fighting       | 1 2 |  2.0
Armour         | 1 2 |  2.0
Spellcasting   | 3 4 |  4.5
Dodging        | |  1.7
Stealth        | |  2.4

Action                   |  1- 3 |  4- 6 |  7- 9 || total
-------------------------+-------+-------+-------++-------
Melee: Dagger            |    16 |       |       ||    16
       Mace              |     9 |     1 |       ||    10
       Long sword        |       |    16 |       ||    16
Throw: Stone             |       |    25 |       ||    25
 Cast: Magic Dart        |    43 |    42 |     5 ||    90
       Searing Ray       |     5 |    20 |     4 ||    29
  Use: Scroll            |       |       |     3 ||     3
 Stab: Sleeping          |     1 |     1 |       ||     2
Armor: Robe              |     3 |     1 |    14 ||    18
Dodge: Dodged            |    24 |    29 |    22 ||    75
